 Dungeon Crawl Stone Soup version 0.28.0-53-g5a82cb258f (webtiles) character file.

Game seed: 1125026033292323570

57 Eitelfritz the Skirmisher (level 4, 0/40 HPs)
             Began as a Hill Orc Fighter on July 17, 2022.
             Slain by Grinder (7 damage)
             ... while paralysed by Grinder
             ... on level 3 of the Dungeon.
             The game lasted 00:04:12 (2083 turns).

Eitelfritz the Skirmisher (Hill Orc Fighter)        Turns: 2083, Time: 00:04:12

Health: 0/40       AC:  7    Str: 20    XL:     4   Next: 0%
Magic:  4/4        EV:  2    Int:  8    God:
Gold:   110        SH:  0    Dex: 10    Spells: 3/3 levels left

rFire   . . .      SeeInvis .   a - +0 war axe
rCold   . . .      Faith    .   c - +0 buckler
rNeg    . . .      Spirit   .   e - +0 scale mail
rPois   .          Reflect  .   f - +1 hat
rElec   .          Harm     .   (no cloak)
rCorr   .          Rampage  .   (no gloves)
Will    .....                   (no boots)
Stlth   ..........              (no amulet)
HPRegen 0.13/turn               (no ring)
MPRegen 0.09/turn               (no ring)

@: paralysed, mighty
A: no striking features
a: no special abilities


You were on level 3 of the Dungeon.
You visited 1 branch of the dungeon, and saw 3 of its levels.

You collected 110 gold pieces.

Inventory:

Hand Weapons
 a - a +0 war axe (weapon)
 b - a +0 hunting sling
 i - a +3 mace of holy wrath
Missiles
 j - 37 stones (quivered)
 m - 3 javelins
 o - 59 bolts
 p - 10 sling bullets
Armour
 c - a +0 buckler (worn)
 e - a +0 scale mail (worn)
 f - a +1 hat (worn)
Scrolls
 k - a scroll of identify {unknown}
Potions
 g - a potion of brilliance {unknown}
 h - a potion of flight {unknown}
 n - a potion of resistance {unknown}


   Skills:
 + Level 4.1 Fighting
 + Level 3.7 Axes
 + Level 0.9 Slings
 + Level 3.6 Armour
 + Level 3.7 Shields


You had 3 spell levels left.
You didn't know any spells.
Your spell library was empty.

Dungeon Overview and Level Annotations

Branches:
Dungeon (3/15)

Altars:

Shops:
D:1 *

Annotations:
D:3 Grinder


Message History

Grinder hits you.
You writhe in agony.
You can move again.
a - a +0 war axe (weapon)
You closely miss Grinder.
Grinder is moderately wounded.
Grinder gestures at you. Pain shoots through your body!
Grinder gestures at you. Pain shoots through your body!
You barely miss Grinder.
Grinder is moderately wounded.
Grinder hits you!
You writhe in agony.
You hit Grinder but do no damage.
Grinder is moderately wounded.
Grinder hits you.
* * * LOW HITPOINT WARNING * * *
You writhe in agony.
* * * LOW HITPOINT WARNING * * *
Grinder barely misses you.
You feel better.
Grinder says, "Mostly I couldn't keep them alive."
Grinder closely misses you.
You feel very mighty all of a sudden. Grinder gestures at you.
You barely resist. You slash Grinder!
Grinder is severely wounded.
Grinder hits you.
* * * LOW HITPOINT WARNING * * *
You barely miss Grinder.
Grinder is severely wounded.
Grinder gestures at you.
You suddenly lose the ability to move!
Grinder gestures at you. You resist with significant effort.
Grinder gestures at you.
You shrug off the repeated paralysis!
Grinder hits you but does no damage. Grinder hits you!
You die...

.. (# .# (# (#
.# ##.# #@5#
##.## #..#
######.##
#.......######
#...<...>.....
#..†....####..
#.......#
#########


You could see Grinder.

Vanquished Creatures
  An adder (D:2)
  A worm (D:2)
  2 dart slugs (D:1)
  3 ball pythons
  3 endoplasms
  3 giant cockroaches
  2 goblins (D:2)
  4 hobgoblins
  3 jackals (D:1)
  3 quokkas
  2 bats (D:2)
  7 kobolds
  4 rats
38 creatures vanquished.

Notes
Turn   | Place    | Note
-------+----------+-------------------------------------------
     0 | D:1      | Eitelfritz the Hill Orc Fighter began the quest for the
                  | Orb.
     0 | D:1      | Reached XP level 1. HP: 19/19 MP: 1/1
    88 | D:1      | Reached XP level 2. HP: 11/27 MP: 2/2
    88 | D:1      | Found Doshuif's General Store.
   604 | D:2      | Reached XP level 3. HP: 33/33 MP: 3/3
   799 | D:2      | Reached skill level 4 in Fighting
  1776 | D:2      | Found a faded altar of an unknown god.
  2043 | D:3      | Reached XP level 4. HP: 39/40 MP: 4/4
  2060 | D:3      | Noticed Grinder
  2065 | D:3      | Paralysed by Grinder for 7 turns
  2079 | D:3      | Paralysed by Grinder for 5 turns
  2083 | D:3      | Slain by Grinder

Illustrated notes

Levels and vault maps discovered:
D:1:      onia_arrival_pentagram, layout_rooms, serial_shops, shop
D:2:      minmay_door_path, layout_loops_corners,
          hellmonk_ecumenical_altar_inner_sanctum
D:3:      layout_rooms, minmay_fountain_box, uniq_natasha, uniq_sigmund,
          uniq_grinder, uniq_crazy_yiuf_cottage

Skill      XL: |  1  2  3 |
---------------+----------+-----
Axes           | 3 |  3.7
Fighting       | 4 |  4.1
Slings         | |  0.9
Armour         | |  3.6
Shields        | |  3.7

Action                   |  1- 3 |  4- 6 || total
-------------------------+-------+-------++-------
Melee: War axe           |    94 |     5 ||    99
 Fire: Hunting sling     |    24 |     4 ||    28
  Use: Potion            |       |     2 ||     2
Armor: Scale mail        |    35 |     3 ||    38
Dodge: Dodged            |    53 |     2 ||    55
Block: Buckler           |    18 |       ||    18
